 Dungeon Crawl Stone Soup version 0.24.1-4-ge52af88ad5 (webtiles) character file.

Game seed: 17687348966842551455, levelgen mode: deterministic

31 MajorAdolf the Covered (level 3, -2/32 HPs)
             Began as a Naga Wanderer on Apr 12, 2020.
             Slain by Natasha (6 damage)
             ... on level 2 of the Dungeon.
             The game lasted 00:01:31 (1541 turns).

MajorAdolf the Covered (Naga Wanderer)              Turns: 1541, Time: 00:01:32

Health: -2/32      AC:  5    Str: 17    XL:     3   Next: 22%
Magic:  3/3        EV:  8    Int: 11    God:
Gold:   38         SH:  0    Dex:  9    Spells: 2/2 levels left

rFire    . . .     SeeInvis +   g - +0 dagger (drain)
rCold    . . .     Gourm    .   (no shield)
rNeg     . . .     Faith    .   b - +0 ring mail
rPois    +         Spirit   .   (no helmet)
rElec    .         Reflect  .   l - +0 cloak
rCorr    .         Harm     .   (no gloves)
MR       .....                  (no barding)
Stlth    +.........             (no amulet)
HPRegen  0.10/turn              (no ring)
MPRegen  0.08/turn              (no ring)

@: about to teleport, very slow
A: large, see invisible, deformed body, poison resistance, slowness 2, slow
metabolism 1, spit poison 1, AC +1
a: Spit Poison


You were on level 2 of the Dungeon.
You were very hungry.

You visited 1 branch of the dungeon, and saw 2 of its levels.

You collected 38 gold pieces.

Inventory:

Hand Weapons
 a - a +2 mace
 g - a +0 dagger of draining (weapon)
Armour
 b - a +0 ring mail (worn)
 l - a +0 cloak (worn)
Scrolls
 f - 2 scrolls of identify
 k - a scroll of magic mapping {unknown}
Potions
 c - a potion of curing
 i - a potion of berserk rage {unknown}
 j - 2 potions of mutation {unknown}
Comestibles
 d - 3 rations


   Skills:
 - Level 2.0 Fighting
 - Level 2.0 Maces & Flails
 + Level 2.9 Armour
 - Level 1.0 Dodging
 - Level 1.5 Stealth
   Level 1.0 Shields
 - Level 1.0 Unarmed Combat


You had 2 spell levels left.
You didn't know any spells.
Your spell library was empty.

Dungeon Overview and Level Annotations

Branches:
Dungeon (2/15)

Altars:

Annotations:
D:2 Natasha


Innate Abilities, Weirdness & Mutations

You cannot wear boots.
Your serpentine skin is tough. (AC +1)
You have supernaturally acute eyesight. (SInv)
Armour fits poorly on your strangely shaped body.
Your system is resistant to poisons. (rPois)
You cover ground very slowly.
You have a slow metabolism.
You can spit poison.


Message History

You closely miss Natasha.
Natasha is moderately wounded.
Natasha claws you!
You hit Natasha but do no damage.
Natasha is moderately wounded.
The crimson imp closely misses you. Natasha claws you.
* * * LOW HITPOINT WARNING * * *
Okay, then.
As you read the scroll labeled LUUNUH XUDYIX, it crumbles to dust.
The scroll dissolves into smoke.
It was a scroll of fog.
The crimson imp barely misses you. Natasha claws you.
* * * LOW HITPOINT WARNING * * *
The crimson imp blinks!
As you read the scroll labeled LUIT RIFFY, it crumbles to dust.
It is a scroll of identify.
h - a scroll of teleportation The crimson imp closely misses you.
As you read the scroll of teleportation, it crumbles to dust.
You feel strangely unstable. Natasha claws you.
You die...

###############
#........§§§h§#
##.#####.###@#§#
.........# #5#§#
..####.## #§#.#
#.# #.#.#
########.# #.#.#
.........# #.#.#
########.# #.#.#
###.# #.# #...#


You could see Natasha and a crimson imp.

Vanquished Creatures
  An ooze (D:1)
  A leopard gecko (D:1)
  2 ball pythons (D:1)
  3 bats (D:1)
  A giant cockroach (D:1)
  2 goblins (D:1)
  3 hobgoblins
  7 kobolds (D:1)
  A frilled lizard (D:1)
  4 rats (D:1)
25 creatures vanquished.

Notes
Turn   | Place    | Note
-------+----------+-------------------------------------------
     0 | D:1      | MajorAdolf the Naga Wanderer began the quest for the Orb.
     0 | D:1      | MajorAdolf set off with the following items: a +2 mace, a
                  | +0 ring mail, a potion of curing, a ration
     0 | D:1      | Reached XP level 1. HP: 19/19 MP: 1/1
     2 | D:1      | Noticed a halfling
     2 | D:1      | Noticed a vine stalker
     4 | D:1      | Noticed a demonspawn
     4 | D:1      | Noticed a merfolk
     6 | D:1      | Noticed a felid
     8 | D:1      | Noticed a vampire
     8 | D:1      | Noticed a draconian
    10 | D:1      | Noticed a spriggan
    12 | D:1      | Noticed a demigod
    12 | D:1      | Noticed a gargoyle
    14 | D:1      | Noticed an elf
    16 | D:1      | Noticed a tengu
    16 | D:1      | Noticed a ghoul
    18 | D:1      | Noticed a naga
    18 | D:1      | Noticed a formicid
    20 | D:1      | Noticed an ogre
    20 | D:1      | Noticed a centaur
    22 | D:1      | Noticed a troll
    24 | D:1      | Noticed a human
    24 | D:1      | Noticed an octopode
    26 | D:1      | Noticed a dwarf
    26 | D:1      | Noticed a minotaur
   300 | D:1      | Reached XP level 2. HP: 22/26 MP: 2/2
   917 | D:1      | Reached XP level 3. HP: 29/32 MP: 3/3
  1528 | D:2      | Noticed Natasha
  1541 | D:2      | Slain by Natasha

Levels and vault maps discovered:
D:1:      kb_arrival_jail, layout_loops_corners, minmay_misc_feat_four_crosses
D:2:      layout_loops_ring, nicolae_overflow_hidden_temple,
          lemuel_doored_altar, first_ration, uniq_natasha, uniq_sigmund

Skill      XL: |  1 |
---------------+----+-----
Armour         | 2 |  2.9
Fighting       | |  2.0
Maces & Flails | |  2.0
Dodging        | |  1.0
Stealth        | |  1.5
Shields        | |  1.0
Unarmed Combat | |  1.0

Action                   || total
-------------------------++-------
Melee: Mace              ||    44
       Dagger            ||    42
 Abil: Spit Poison       ||     1
  Use: Scroll            ||     3
Armor: Ring mail         ||    30
Dodge: Dodged            ||    42
